 Dungeon Crawl Stone Soup version 0.29-a0-380-gf50f0a9fbc (webtiles) character file.

Game seed: 14928987085910976889

133 Antichthon the Bolt Thrower (level 5, -22/41 HPs)
             Began as a Formicid Abyssal Knight on May 5, 2022.
             Was a Believer of Lugonu.
             Annihilated by an ogre
             ... wielding a +0 giant spiked club
              (24 damage)
             ... on level 2 of the Dungeon.
             The game lasted 00:01:53 (2074 turns).

Antichthon the Bolt Thrower (FoAK)                  Turns: 2074, Time: 00:01:53

Health: -22/41     AC:  6    Str: 18    XL:     5   Next: 40%
Magic:  6/6        EV: 10    Int:  9    God:    Lugonu [**....]
Gold:   39         SH:  0    Dex: 13    Spells: 4/4 levels left

rFire   . . .      SeeInvis +   a - +1 hand axe
rCold   . . .      Faith    .   (no shield)
rNeg    . . .      Spirit   .   n - +0 ring mail
rPois   .          Reflect  .   (helmet unavailable)
rElec   .          Harm     .   (no cloak)
rCorr   .          Rampage  .   (no gloves)
Will    .....                   m - +0 pair of boots
Stlth   +.........              (no amulet)
HPRegen 0.13/turn               (no ring)
MPRegen 0.10/turn               (no ring)

@: no status effects
A: permanent stasis, dig shafts and tunnels, antennae 3, four strong arms
a: Dig, Shaft Self, Renounce Religion, Depart the Abyss, Bend Space


You were on level 2 of the Dungeon.
You worshipped Lugonu.
Lugonu was pleased with you.
You visited 1 branch of the dungeon, and saw 2 of its levels.
You visited the Abyss 1 time.

You collected 39 gold pieces.

Inventory:

Hand Weapons
 a - a +1 hand axe (weapon)
Armour
 m - a +0 pair of boots (worn)
 n - a +0 ring mail (worn)
Scrolls
 c - a scroll of enchant armour {unknown}
 d - 2 scrolls of identify {unknown}
 e - 2 scrolls of noise {unknown}
 g - a scroll of enchant weapon {unknown}
 k - a scroll of silence {unknown}
Potions
 f - a potion of curing {unknown}
 h - a potion of cancellation {unknown}
 i - a potion of brilliance {unknown}
 j - a potion of might {unknown}
 l - 2 potions of degeneration {unknown}


   Skills:
 - Level 3.2 Fighting
 - Level 2.0 Axes
 * Level 4.6 Crossbows
 - Level 2.1 Armour
 - Level 0.8 Dodging
 - Level 2.1 Invocations


You had 4 spell levels left.
You didn't know any spells.
Your spell library contained the following spells:

 Spells                   Type           Power      Damage    Failure   Level
 Foxfire                  Conj/Fire      0%         2x1d4     56%         1
 Conjure Flame            Conj/Fire      0%         6-21      91%         3
 Inner Flame              Hex/Fire       0%         N/A       91%         3
 Flame Wave               Conj/Fire      0%         2d4       100%        4


Dungeon Overview and Level Annotations

Branches:
Dungeon (2/15)

Altars:


Innate Abilities, Weirdness & Mutations

You cannot be hasted, slowed, berserked, paralysed or teleported.
You can dig through walls and to a lower floor.
You have a pair of large antennae on your head. (SInv)
Your four strong arms can wield two-handed weapons with a shield.


Message History

You continue putting on your +0 ring mail. x5
You finish putting on your +0 ring mail.
Unknown command.
You drop a +0 leather armour.
You see here a dart slug corpse.
There is a shaft here.
You sense a monster nearby.
You sense a monster nearby.
An adder and an ogre come into view.
The adder hisses angrily.
The ogre shouts!
The adder misses you. The adder closely misses you.
The adder attacks as you move away! The adder bites you but does no damage.
The adder attacks as you move away! The adder barely misses you.
The adder closely misses you.
You slash the adder!
The adder is almost dead.
The adder bites you.
You slash the adder!
You kill the adder!
Lugonu accepts your kill. The ogre closely misses you.
You see here an adder corpse.
You closely miss the ogre. The ogre barely misses you.
You barely miss the ogre. The ogre barely misses you.
You barely miss the ogre. You completely miss the ogre.
The ogre hits you with a +0 giant spiked club!
You hit the ogre.
The ogre is lightly wounded.
The ogre hits you with a +0 giant spiked club!!
Ouch! That really hurt!
* * * LOW HITPOINT WARNING * * *
You hit the ogre.
The ogre is moderately wounded.
The ogre barely misses you.
You hit the ogre.
The ogre is heavily wounded.
The ogre hits you with a +0 giant spiked club!!
Ouch! That really hurt!
You die...

###.# ...... #.....
#.....#### #........#
.........# #....# ####O#
#@# #.# ####.# #..#.######
#..#^.....#
######..######.###########
............).............
........)......#.......#..
######.#...#...#.###.#.#.#


You could see an ogre.

Vanquished Creatures
  A necrophage (D:2)
  Jessica (D:2)
  An adder (D:2)
  2 dart slugs (D:2)
  4 ball pythons
  3 bats
  2 endoplasms
  3 giant cockroaches (D:1)
  5 goblins
  3 hobgoblins
  3 kobolds
  4 frilled lizards
  3 rats
35 creatures vanquished.

Notes
Turn   | Place    | Note
-------+----------+-------------------------------------------
     0 | Abyss:1  | Antichthon the Formicid Abyssal Knight began the quest for
                  | the Orb.
     0 | Abyss:1  | Reached XP level 1. HP: 18/18 MP: 2/2
    78 | Abyss:1  | Noticed a small abomination
    78 | Abyss:1  | Noticed a jelly
    79 | D:1      | Escaped the Abyss
   279 | D:1      | Reached skill level 1 in Crossbows
   404 | D:1      | Reached XP level 2. HP: 21/24 MP: 3/3
   525 | D:1      | Found a faded altar of an unknown god.
   804 | D:1      | Reached skill level 2 in Crossbows
  1027 | D:1      | Reached XP level 3. HP: 29/29 MP: 4/4
  1368 | D:2      | Noticed a necrophage
  1379 | D:2      | Killed a necrophage
  1380 | D:2      | Reached skill level 3 in Crossbows
  1380 | D:2      | Reached XP level 4. HP: 25/35 MP: 5/5
  1521 | D:2      | Reached skill level 4 in Crossbows
  1757 | D:2      | Noticed Jessica
  1908 | D:2      | Killed Jessica
  1909 | D:2      | Reached XP level 5. HP: 40/41 MP: 6/6
  2060 | D:2      | Noticed an ogre
  2072 | D:2      | HP: 1/41 [ogre/+0 giant spiked club (28)]
  2074 | D:2      | Annihilated by an ogre

Illustrated notes

Levels and vault maps discovered:
D:1:      moated_graveyard_arrival, layout_loops_corners,
          basic_ecumenical_altar, hangedman_feature_mirror
D:2:      layout_basic, uniq_jessica

Skill      XL: |  1  2  3  4 |
---------------+-------------+-----
Crossbows      | 1 2 3 4 |  4.6
Fighting       | |  3.2
Axes           | |  2.0
Armour         | |  2.1
Dodging        | |  0.8
Invocations    | |  2.1

Action                   |  1- 3 |  4- 6 || total
-------------------------+-------+-------++-------
Melee: Hand axe          |    53 |    43 ||    96
       Punch             |       |     1 ||     1
Invok: Depart the Abyss  |     1 |       ||     1
Armor: Leather armour    |    21 |    22 ||    43
       Ring mail         |       |     1 ||     1
Dodge: Dodged            |    35 |    30 ||    65

Table legend: (Time is in decaauts)
 A = Elapsed time spent in this place.
 B = Non-inter-level travel time spent in this place.
 C = Inter-level travel time spent in this place.
 D = Time resting spent in this place.
 E = Time spent auto-exploring this place.
 F = Levels seen in this place.
 G = Mean time per level.
                   A        B        C        D        E       F      G
               +--------+--------+--------+--------+--------+-----+--------+
         Total |   2092 |   2065 |     27 |      0 |   1626 |   3 |  697.3 |
       Dungeon |   2013 |   1986 |     27 |      0 |   1550 |   2 | 1006.5 |
         Abyss |     79 |     79 |      0 |      0 |     76 |   1 |   79.0 |
               +--------+--------+--------+--------+--------+-----+--------+

Top non-repeatable levels by time:
     D:1: 1297 daAuts
     D:2: 715 daAuts
 Abyss:1: 79 daAuts
